 Dungeon Crawl Stone Soup version 0.28-a0-850-g09de17f5b5 (webtiles) character file.

Game seed: 13722036972467853729

1944 Morrissey the Geomancer (level 9, -6/54 HPs)
             Began as a Gargoyle Earth Elementalist on Nov 7, 2021.
             Was a Follower of Vehumet.
             Killed by the air
             ... invoked by Gastronok
              (31 damage)
             ... on level 8 of the Dungeon on Nov 14, 2021.
             The game lasted 00:12:22 (7833 turns).

Morrissey the Geomancer (GrEE)                      Turns: 7833, Time: 00:12:22

Health: -6/54      AC:  8    Str: 11    XL:     9   Next: 18%
Magic:  13/16      EV: 11    Int: 20    God:    Vehumet [*.....]
Gold:   175        SH:  0    Dex: 10    Spells: 13/17 levels left

rFire   . . .      SeeInvis .   i - +0 mace
rCold   . . .      Faith    .   (no shield)
rNeg    + + .      Spirit   .   b - +0 robe
rPois   ∞          Reflect  .   (no helmet)
rElec   +          Harm     .   (no cloak)
rCorr   .          Rampage  .   (no gloves)
Will    .....                   (no boots)
Stlth   ++........              (no amulet)
HPRegen 0.18/turn               l - ring of positive energy
MPRegen 0.15/turn               (no ring)

@: no status effects
A: sickness immunity, AC +6, negative energy resistance 1, electricity
resistance, torment resistance 1, petrification resistance
a: Renounce Religion


You were on level 8 of the Dungeon.
You worshipped Vehumet.
Vehumet was aware of your devotion.
You visited 2 branches of the dungeon, and saw 9 of its levels.

You collected 217 gold pieces.
You spent 42 gold pieces at shops.

Inventory:

Hand Weapons
 d - a +0 club
 i - a +0 mace (weapon)
 m - a +2 short sword of freezing
Missiles
 s - a stone
Armour
 b - a +0 robe (worn)
 t - the +8 scale mail "Jovit" {Drain rF++ Str+3}
   (You found it on level 6 of the Dungeon)

   Str:       It affects your strength (+3).
   rF:        It greatly protects you from fire.
   Drain:     It drains your maximum health when unequipped.
Jewellery
 l - a ring of positive energy (left hand)
Wands
 q - a wand of digging (5)
Scrolls
 a - 2 scrolls of magic mapping {unknown}
 c - a scroll of fear {unknown}
 e - 5 scrolls of blinking {unknown}
 g - 6 scrolls of identify {unknown}
 h - 2 scrolls of vulnerability {unknown}
 n - 3 scrolls of fog {unknown}
 o - 2 scrolls of enchant armour {unknown}
Potions
 f - 4 potions of brilliance {unknown}
 j - a potion of degeneration {unknown}
 k - 2 potions of curing
 p - a potion of flight {unknown}
 r - a potion of might {unknown}
 u - 3 potions of heal wounds {unknown}
 v - a potion of mutation {unknown}


   Skills:
 + Level 5.0 Fighting
 + Level 4.5 Maces & Flails
 - Level 1.5 Dodging
 - Level 2.1 Stealth
 + Level 4.7 Spellcasting
 - Level 4.8 Conjurations
 - Level 0.7 Transmutations
 * Level 8.9 Earth Magic


You had 13 spell levels left.
You knew the following spells:

 Your Spells              Type           Power      Damage    Failure   Level
a - Sandblast             Erth           80%        2d17      1%          1
b - Stone Arrow           Conj/Erth      64%        3d11      2%          3

Your spell library contained the following spells:

 Spells                   Type           Power      Damage    Failure   Level
 Shock                    Conj/Air       56%        1d6       4%          1
 Passwall                 Tmut/Erth      20%        N/A       2%          2
 Petrify                  Tmut/Erth      24%        N/A       16%         4
 Mephitic Cloud           Conj/Pois/Air  11%        N/A       19%         3
 Ignite Poison            Fire/Tmut/Pois 5%         N/A       32%         3
 Freezing Cloud           Conj/Ice/Air   5%         6-21      86%         5


Dungeon Overview and Level Annotations

Branches:
Dungeon (8/15)             Temple (1/1) D:4
   Lair: D:8-11

Altars:
Ashenzari
Cheibriados
Fedhas
Makhleb
Qazlal
Ru
Trog
Vehumet
Wu Jian
Xom
Yredelemnul
Zin
The Shining One

Shops:
D:2 !

Annotations:
D:8 Gastronok, Harold


Innate Abilities, Weirdness & Mutations

You are immune to sickness and miasma.
Your stone body is resilient. (AC +6)
You are immune to poison.
You resist negative energy. (rN+)
You are resistant to electric shocks. (rElec)
You are resistant to unholy torment.
You are immune to petrification.


Message History

Vehumet accepts your kill.
* * * LOW MAGIC WARNING * * *
You start resting.
Magic restored.
You start resting.
HP restored.
Things that are here:
a +0 dagger; a kobold corpse
Found a hand axe.
Found a scimitar.
Gastronok the Ponderous comes into view.
He is wearing a +1 hat of willpower.
Gastronok gurgles horribly!
You hear a shout!
Press: ? - help, v - describe, . - travel
Here: Gastronok, wearing a +1 hat of willpower The floor.
Unknown command.
Casting: Sandblast (safe; 1% risk of failure)
Confirm with . or Enter, or press ? or * to list all spells.
You can't see any susceptible monsters within range! (Use Z to cast anyway.)
Aiming: Sandblast (safe; 1% risk of failure)
Press: ? - help, Q - select action, (/) - cycle Shift-Dir - straight line, f - you That would be overly suicidal.
Okay, then.
Casting: Sandblast (safe; 1% risk of failure)
Confirm with . or Enter, or press ? or * to list all spells.
Aiming: Stone Arrow (dangerous; 2% risk of failure)
Press: ? - help, Shift-Dir - straight line, f - Gastronok
Aim: Gastronok, wearing a +1 hat of willpower (100% to hit)
The stone arrow hits Gastronok!!
Gastronok is lightly wounded.
Harold the Weathered comes into view.
He is wielding a +0 flail.
Gastronok waves his eye-stalks in wide circles.
The air twists around and strikes you!!
Ouch! That really hurt!
* * * LOW HITPOINT WARNING * * *
Unknown command.
Gastronok waves his eye-stalks in wide circles.
The air twists around and strikes you!!
Ouch! That really hurt!
You die...

# ##..####....##
##..########
##..##....).#
#..##
##.........##
##.##
##.........#
#..#
#.........###.##
#..)..........#
#..)<........##
#............#
#.........@..#
##...........#
##...#####..#
#...# #...#
#...# #.....
#..## ...w.#.#
#...... ..
#.@...8. .8
..#...... .


You could see Gastronok and Harold (wandering).

Vanquished Creatures
  Grinder (D:6)
  A sky beast (D:6)
  3 ogres
  3 phantoms
  A kobold brigand (D:7)
  2 bullfrogs
  2 scorpions (D:5)
  2 wyvern zombies
  A water moccasin skeleton (D:4)
  5 wights
  2 bullfrog zombies (D:5)
  2 centaur skeletons
  2 hounds
  A bullfrog skeleton (D:5)
  3 iguanas
  A killer bee zombie (D:6)
  A hound skeleton (D:4)
  A howler monkey zombie (D:5)
  4 gnolls (D:4)
  8 adders
  A white imp (D:7)
  An adder skeleton (D:4)
  3 worms
  A dart slug (D:3)
  An orc (D:5)
  6 endoplasms
  3 giant cockroaches
  2 goblins
  4 hobgoblins
  3 jackals (D:1)
  5 kobolds
  7 quokkas
  3 ball pythons
  4 bats
  3 frilled lizards
  3 rats
96 creatures vanquished.

Notes
Turn   | Place    | Note
-------+----------+-------------------------------------------
     0 | D:1      | Morrissey the Gargoyle Earth Elementalist began the quest
                  | for the Orb.
     0 | D:1      | Reached XP level 1. HP: 10/10 MP: 3/3
    12 | D:1      | Noticed an electric eel
   369 | D:1      | Reached XP level 2. HP: 14/16 MP: 3/5
   449 | D:1      | Reached skill level 4 in Earth Magic
  1203 | D:2      | Reached skill level 1 in Fighting
  1215 | D:2      | Reached XP level 3. HP: 12/20 MP: 2/6
  1343 | D:2      | Learned a level 3 spell: Stone Arrow
  1358 | D:2      | Upgraded the game from 0.28-a0-803-g74956062c1 to
                  | 0.28-a0-850-g09de17f5b5
  1363 | D:2      | Found Hoidghuin's Distillery.
  1371 | D:2      | Bought a potion of curing for 42 gold pieces
  1395 | D:2      | Reached skill level 1 in Maces & Flails
  2832 | D:3      | Reached XP level 4. HP: 25/25 MP: 7/7
  3185 | D:3      | Found a bloodstained altar of Trog.
  3261 | D:3      | Found a faded altar of an unknown god.
  3366 | D:4      | Noticed an ogre
  3371 | D:4      | Killed an ogre
  3372 | D:4      | Reached skill level 1 in Conjurations
  3372 | D:4      | Reached skill level 5 in Earth Magic
  3372 | D:4      | Reached XP level 5. HP: 30/30 MP: 4/9
  3645 | D:4      | Reached XP level 6. HP: 31/35 MP: 6/10
  4488 | D:4      | Found a staircase to the Ecumenical Temple.
  4505 | Temple   | Entered the Ecumenical Temple
  4562 | Temple   | Became a worshipper of Vehumet
  4710 | D:4      | Reached XP level 7. HP: 36/40 MP: 9/11
  4903 | D:4      | Reached skill level 6 in Earth Magic
  5224 | D:5      | Entered Level 5 of the Dungeon
  5233 | D:5      | Found a glowing silver altar of Zin.
  6118 | D:5      | Reached XP level 8. HP: 31/46 MP: 6/13
  6332 | D:5      | Reached skill level 7 in Earth Magic
  7031 | D:6      | Noticed a boulder beetle
  7176 | D:6      | Noticed Grinder
  7182 | D:6      | Killed Grinder
  7182 | D:6      | Reached * piety under Vehumet
  7182 | D:6      | Offered knowledge of Shock by Vehumet.
  7183 | D:6      | Reached skill level 8 in Earth Magic
  7223 | D:6      | Identified the +8 scale mail "Jovit" {Drain rF++ Str+3}
  7283 | D:6      | Found a sacrificial altar of Ru.
  7290 | D:6      | Reached XP level 9. HP: 52/52 MP: 5/15
  7595 | D:7      | Reached skill level 5 in Fighting
  7826 | D:8      | Noticed Gastronok
  7831 | D:8      | Noticed Harold
  7833 | D:8      | Killed from afar by Gastronok

Illustrated notes

Levels and vault maps discovered:
D:1:      arrival_aquarium_a, layout_basic, st_stairs_1
D:2:      layout_basic, serial_shops, shop
D:3:      layout_basic, lightli_temple_of_fire,
          dilly_ecumenical_altar_fadedgnrine
D:4:      layout_basic, minmay_temple_entry_butterflies
D:5:      layout_rooms, overflow_temple_1_default
D:6:      layout_rooms, nicolae_ru_sacrificial_ziggurat, uniq_grinder
D:7:      layout_cave_pools, minmay_overflow_temple_hex,
          lemuel_coloured_pillars_altar, david_defended_altar_orc
D:8:      layout_cave_pods, eat_drink_and_be_merry_uskayaw, uniq_psyche,
          uniq_harold, uniq_gastronok
Temple:   eino_wide_crystal_templ

Skill      XL: |  1  2  3  4  5  6  7  8  9 |
---------------+----------------------------+-----
Earth Magic    | 4 5 6 8 |  8.9
Fighting       | 1 2 3 4 5 |  5.0
Maces & Flails | 1 2 3 4 |  4.5
Conjurations   | 1 2 3 4 |  4.8
Spellcasting   | 3 4 |  4.7
Dodging        | |  1.5
Stealth        | |  2.1
Transmutations | |  0.7

Action                   |  1- 3 |  4- 6 |  7- 9 || total
-------------------------+-------+-------+-------++-------
Melee: Club              |    23 |       |       ||    23
       Unarmed           |     1 |       |       ||     1
       Mace              |    59 |    72 |    72 ||   203
 Cast: Sandblast         |    24 |    23 |    28 ||    75
       Stone Arrow       |       |     1 |    51 ||    52
 Stab: Sleeping          |     4 |     2 |     3 ||     9
Armor: Robe              |    28 |    42 |    44 ||   114
Dodge: Dodged            |    59 |    83 |    74 ||   216

Table legend: (Time is in decaauts)
 A = Elapsed time spent in this place.
 B = Non-inter-level travel time spent in this place.
 C = Inter-level travel time spent in this place.
 D = Time resting spent in this place.
 E = Time spent auto-exploring this place.
 F = Levels seen in this place.
 G = Mean time per level.
                   A        B        C        D        E       F      G
               +--------+--------+--------+--------+--------+-----+--------+
         Total |   7900 |   7669 |    231 |   2670 |   3919 |   9 |  877.8 |
       Dungeon |   7827 |   7618 |    209 |   2670 |   3879 |   8 |  978.4 |
        Temple |     72 |     50 |     22 |      0 |     40 |   1 |   72.0 |
               +--------+--------+--------+--------+--------+-----+--------+

Top non-repeatable levels by time:
     D:4: 2341 daAuts
     D:5: 1416 daAuts
     D:1: 1143 daAuts
     D:2: 1132 daAuts
     D:3: 1088 daAuts
     D:6: 400 daAuts
     D:8: 217 daAuts
     D:7: 85 daAuts
  Temple: 72 daAuts
